Map: Prion Terraces

Players

Undead

  • Race: Zerg Zerg
  • League: Platinum

Frozzen - Winner!

  • Race: Zerg Zerg
  • League: Platinum

VOD

Have the link to the VOD?

Description

Time

  • Played on: Nov. 17, 2015, 10:38 p.m.
  • Length: 4:29
Show
View Real Time Build Order
Export as new Build Order

Undead Zerg 

Build Orders: Hatch First 

Get SALT Encoding   

  12  0:01  Drone  
  13  0:13  Overlord  
  13  0:18  Drone  
  14  0:31  Drone x2  
  16  0:36  Drone  
  17  0:52  Hatchery  
  17  0:56  Drone  
  17  0:59  Drone  
  18  1:14  Spawning Pool  
  18  1:16  Drone  
  19  1:18  Drone  
  19  1:21  Extractor  
  18  1:30  Drone  
  19  1:39  Drone  
  20  1:51  Overlord  
  20  2:01  Queen  
  20  2:04  Queen  
  20  2:06  Zergling x2  
  20  2:07  Drone  
  26  2:13  Zergling x2  
  27  2:23  Metabolic Boost  
  27  2:31  Drone x3  
  30  2:37  Drone x2  
  30  2:41  Queen  
  34  2:46  Drone  
  34  2:48  Zergling x2  
  36  2:57  Overlord  
  36  3:13  Overlord  
  36  3:16  Zergling x4  
  36  3:17  Drone, Zergling x2  
  36  3:18  Zergling x8  
  44  3:32  Drone x2  
  46  3:36  Drone x2  
  48  3:42  Queen  
  48  3:44  Hatchery, Drone x3  
  52  3:53  Overlord  
  51  4:01  Zergling x8  
  51  4:02  Zergling x2  
  50  4:03  Zergling x2  
  50  4:08  Zergling x2  
Show
View Real Time Build Order
Export as new Build Order

Frozzen Zerg - Winner!

Build Orders: Hatch First 

Get SALT Encoding   

  12  0:00  Drone  
  13  0:12  Overlord  
  13  0:18  Drone  
  14  0:30  Drone x2  
  16  0:49  Hatchery  
  15  0:52  Drone  
  15  0:55  Drone  
  17  0:59  Drone  
  18  1:14  Spawning Pool  
  18  1:15  Drone  
  18  1:19  Extractor  
  18  1:21  Drone  
  18  1:28  Overlord  
  18  1:38  Drone  
  19  2:00  Queen  
  19  2:01  Queen  
  23  2:02  Zergling x6  
  26  2:11  Drone  
  26  2:12  Drone  
  28  2:21  Overlord  
  28  2:25  Zergling x2  
  28  2:27  Metabolic Boost  
  29  2:36  Zergling x4  
  31  2:48  Zergling x4  
  33  2:54  Zergling x2  
  33  2:57  Overlord  
  34  3:05  Overlord  
  33  3:09  Baneling Nest  
  33  3:11  Zergling x2  
  33  3:12  Zergling x4  
  35  3:13  Overlord  
  35  3:20  Zergling x4  
  35  3:21  Zergling x2  
  38  3:29  Zergling x2  
  38  3:30  Zergling x2  
  38  3:33  Zergling x4  
  42  3:42  Zergling x6  
  42  3:45  Zergling x2  
  42  3:47  Zergling x2  
  47  3:52  Zergling x2  
  47  3:53  Zergling x2  
  49  3:58  Zergling x2  
  49  3:59  Zergling x2  
  48  4:07  Zergling x2  
Tags
 
Add a new tag
Caveats
  • Supply blocks, unpowered buildings, or Contaminate may cause inaccurate times.
  • Supply counts are checked every 10 seconds.